 Dungeon Crawl Stone Soup version 0.30.1-8-g117510f58f (webtiles) character file.

Game seed: 5049224187493550225

109 Ivernyr the Shield-Bearer (level 5, -5/42 HPs)
             Began as a Formicid Fighter on Sept 22, 2023.
             Splashed by a jelly's acid (8 damage)
             ... on level 3 of the Dungeon.
             The game lasted 00:04:08 (2297 turns).

Ivernyr the Shield-Bearer (Formicid Fighter)        Turns: 2297, Time: 00:04:09

Health: -5/42      AC:  4    Str: 29    XL:     5   Next: 13%
Magic:  5/5        EV: 10    Int:  7    God:
Gold:   142        SH:  5    Dex: 13    Spells: 4/4 levels left

rFire   . . .        a - +0 quarterstaff
rCold   . . .        c - +0 buckler
rNeg    . . .        b - +0 scale mail
rPois   .            (helmet unavailable)
rElec   .            (no cloak)
rCorr   .            k - +0 pair of gloves
SInv    +            (no boots)
Will    .....        (no amulet) Stlth
                     h - +6 ring of strength
HPRegen 0.27/turn    (no ring)
MPRegen 0.09/turn

%: no passive effects
@: corroded, flying
A: permanent stasis, dig shafts and tunnels, antennae 3, four strong arms,
devolution 1
a: Dig, Shaft Self


You were on level 3 of the Dungeon.
You visited 1 branch of the dungeon, and saw 4 of its levels.

You collected 142 gold pieces.

Inventory:

Hand Weapons
 a - a +0 quarterstaff (weapon)
Armour
 b - a +0 scale mail (worn)
 c - a +0 buckler (worn)
 k - a +0 pair of gloves (worn)
Jewellery
 h - a +6 ring of strength (left hand)
Scrolls
 f - 4 scrolls of identify {unknown}
 i - 2 scrolls of amnesia {unknown}
 j - a scroll of poison {unknown}
 l - a scroll of fog {unknown}
 m - 2 scrolls of immolation {unknown}
 p - a scroll of noise {unknown}
 q - a scroll of enchant weapon {unknown}
 t - a scroll of blinking {unknown}
Potions
 d - a potion of might
 e - a potion of attraction {unknown}
 n - a potion of flight
 o - a potion of curing {unknown}
 r - a potion of haste {unknown}
 s - a potion of magic {unknown}


   Skills:
 + Level 4.0 Fighting
 * Level 3.4 Staves
 + Level 3.9 Armour
 - Level 1.4 Dodging
 + Level 4.0 Shields


You had 4 spell levels left.
You didn't know any spells.
Your spell library contained the following spells:

 Spells                   Type           Power      Damage    Failure   Level
 Magic Dart               Conj           0%         1d3       75%         1
 Call Imp                 Summ           0%         N/A       86%         2
 Mephitic Cloud           Conj/Pois/Air  0%         N/A       98%         3


Dungeon Overview and Level Annotations

Branches:
Dungeon (4/15)
 Temple: D:4-7

Altars:
Ashenzari
Gozag
Makhleb
Nemelex Xobeh
Vehumet
Yredelemnul

Annotations:
D:1 1 transporter


Innate Abilities, Weirdness & Mutations

You cannot be hasted, slowed, berserked, paralysed or teleported.
You can dig through walls and to a lower floor.
You have a pair of large antennae on your head. (SInv)
Your four strong arms can wield two-handed weapons with a shield.
You have hidden genetic defects.


Message History

Things that are here:
a +0 scale mail; a +0 club; an iguana corpse You start resting.
HP restored.
There is a stone staircase leading down, spattered with blood here.
Things that are here:
a +0 dagger; a +0 robe You climb downwards.
The jelly hits you but does no damage. The orc hits you with a +0 dagger.
The jelly hits you but does no damage. You block the orc's attack.
The orc priest hits you from afar with a +0 trident.
There is a stone staircase leading up, spattered with blood here.
The jelly hits you.
You are splashed with acid!
You block the orc's attack. You block the orc priest's attack.
You climb upwards.
There is a stone staircase leading down, spattered with blood here.
Things that are here:
a +0 robe; a +0 dagger The jelly attacks as you move away!
The jelly hits you but does no damage. The orc closely misses you.
The jelly attacks as you move away! The jelly hits you.
You are splashed with acid!
The orc hits you but does no damage. The orc attacks as you move away!
The orc hits you but does no damage. The jelly attacks as you move away!
The jelly closely misses you.
You thump the jelly! The acid corrodes you!
Your hands burn!
The jelly is heavily wounded.
The jelly hits you.
* * * LOW HITPOINT WARNING * * *
You are splashed with acid!
* * * LOW HITPOINT WARNING * * *
The jelly closely misses you.
It was a potion of flight.
You feel very buoyant.
You fly up into the air.
The jelly hits you but does no damage.
It was a potion of mutation.
You feel extremely strange.
You feel a hidden malignance growing inside you.
The jelly hits you.
* * * LOW HITPOINT WARNING * * *
The acid corrodes you!
You are splashed with acid!
You die...

##### #.#.# #####
#...# ...## #.###
##..# #.# ##.##
#.# #..# #.# ##.#
##.# #.# #####..#
#.#### #.@...##
####....####
#J#####
#......<...####o#
#.#####.##......#
#.#####.###>.####
.....##.# #.##
#....##.# #[#
#....##.# #.#
#.......###.#


You could see a jelly and an orc.

Vanquished Creatures
  An iguana (D:3)
  An orc wizard (D:3)
  An adder (D:2)
  A worm (D:2)
  A dart slug (D:1)
  An orc (D:3)
  4 ball pythons
  A bat (D:1)
  4 endoplasms
  5 giant cockroaches
  9 hobgoblins
  4 quokkas
  2 frilled lizards
  A kobold (D:1)
  3 rats
39 creatures vanquished.

Notes
Turn   | Place    | Note
-------+----------+-------------------------------------------
     0 | D:1      | Ivernyr the Formicid Fighter began the quest for the Orb.
     0 | D:1      | Reached XP level 1. HP: 18/18 MP: 1/1
   313 | D:1      | Reached XP level 2. HP: 24/24 MP: 2/2
   624 | D:2      | Reached XP level 3. HP: 29/29 MP: 3/3
   776 | D:2      | Reached skill level 1 in Dodging
  1014 | D:2      | Found a burning altar of Makhleb.
  1650 | D:3      | Found a sparkling altar of Nemelex Xobeh.
  1781 | D:3      | Found a basalt altar of Yredelemnul.
  1784 | D:3      | Found an opulent altar of Gozag.
  1841 | D:3      | Reached XP level 4. HP: 30/37 MP: 4/4
  1927 | D:3      | Found a radiant altar of Vehumet.
  1975 | D:3      | Found a burning altar of Makhleb.
  2106 | D:3      | Found a broken altar of Ashenzari.
  2192 | D:3      | Reached XP level 5. HP: 17/42 MP: 5/5
  2297 | D:3      | Gained mutation: You have hidden genetic defects. [potion
                  | of mutation]
  2297 | D:3      | Splashed by a jelly's acid

Illustrated notes

Levels and vault maps discovered:
D:1:      spicycebolla_arrival_risky_transporter, layout_basic,
          chequers_serial_rivers_marsh, minmay_tetromino_i4
D:2:      layout_basic, basic_altar, kennysheep_another_room
D:3:      layout_basic, mainiacjoe_overflow_alcove_2,
          nicolae_vehumet_altar_sigil, mainiacjoe_overflow_brackets,
          nemelex_altar_shiori, nicolae_overflow_squiral
D:4:      gammafunk_wand_slinger, layout_basic,
          nicolae_qazlal_scattered_showers, nicolae_overflow_hidden_temple,
          minmay_temple_entry_proselytizer, uniq_sigmund

Skill      XL: |  1  2  3  4 |
---------------+-------------+-----
Dodging        | 1 |  1.4
Staves         | 3 |  3.4
Fighting       | 4 |  4.0
Armour         | |  3.9
Shields        | |  4.0

Action                     |  1- 3 |  4- 6 || total
---------------------------+-------+-------++-------
  Melee: Quarterstaff      |    76 |    51 ||   127
    Use: Potion            |       |     2 ||     2
 Armour: Scale mail        |    26 |    48 ||    74
  Dodge: Dodged            |    23 |    27 ||    50
  Block: Buckler           |    18 |    18 ||    36
